AoeStats
← maikelvdweegen

Arabia

508705966Analyzed
2v2 RM · 7d ago on Sep 23, 2026· 29m 20s· 4 players
Game mode
Random Map
Map size
Medium (4 player)
Population
200
Speed
Normal
Resources
Standard
Victory
Conquest
Starting age
Dark Age
Ending age
Imperial Age
RankedLock teamsTeams togetherTeam positionsShared explorationLock speedFull tech treeHidden civsTurbo modeCheats
Victory
Defeat
🇦🇷 Sicilians · Argentina
660
+16
🇦🇷 Celts · Argentina
656
+16
🇦🇺 Burgundians · Australia
669
-16
🇳🇱 Portuguese · Netherlands
653
-27
maikelvdweegen
12:19 Feudal Age
17:50 Castle Age
16:48 Horse Collar
16:58 Double-Bit Axe
19:01 Heavy Plow
19:15 Bow Saw
23:37 Pikeman
MULIAC
11:17 Feudal Age
11:54 Double-Bit Axe
14:21 Stone Mining
15:55 Loom
16:48 Bow Saw
20:13 Man-at-Arms
24:11 Castle Age
24:17 Horse Collar
25:52 Scale Barding Armor
26:46 Cavalier
27:39 Pikeman
28:20 Squires
benjaminmarquinez7
12:45 Feudal Age
17:03 Wheelbarrow
16:49 Double-Bit Axe
16:49 Horse Collar
19:35 Stone Mining
19:36 Gold Mining
23:58 Castle Age
25:41 Husbandry
27:54 Bow Saw
28:23 Stone Shaft Mining
28:23 Gold Shaft Mining
27:52 Heavy Plow
27:45 Fletching
27:56 Padded Archer Armor
28:07 Forging
27:58 Scale Mail Armor
28:03 Scale Barding Armor
benjaminmarquinez
15:45 Feudal Age
17:42 Double-Bit Axe
17:40 Horse Collar
22:03 Castle Age
24:20 Loom
Connection lost

Rejoining the realm…

Still unreachable

The connection could not be restored.

Session expired

The server has moved on; the page needs a fresh start.